 Dungeon Crawl Stone Soup version 0.30.0-29-ga12c61a403 (webtiles) character file.

Game seed: 893405731570914725

8 qw the Shield-Bearer (level 2, 0/19 HPs)
             Began as a Gargoyle Fighter on June 3, 2023.
             Slain by a cerulean imp
             ... wielding a +0 spear
             ... summoned by Natasha
              (2 damage)
             ... on level 2 of the Dungeon.
             The game lasted 00:00:10 (790 turns).

qw the Shield-Bearer (Gargoyle Fighter)              Turns: 790, Time: 00:00:10

Health: 0/19       AC:  9    Str: 19    XL:     2   Next: 8%
Magic:  2/2        EV:  9    Int:  8    God:
Gold:   4          SH:  4    Dex:  9    Spells: 1/1 levels left

rFire   . . .        Y - +0 war axe
rCold   . . .        c - +0 buckler
rNeg    + . .        b - +0 scale mail
rPois   inf          (no helmet)
rElec   +            (no cloak)
rCorr   .            (no gloves)
SInv    .            (no boots)
Will    .....        (no amulet) Stlth
                     (no ring)
HPRegen 0.23/turn    (no ring)
MPRegen 0.08/turn

%: no passive effects
@: no status effects
A: sickness immunity, AC +2, negative energy resistance 1, electricity
resistance, torment resistance 1, petrification resistance
a: no special abilities


You were on level 2 of the Dungeon.
You visited 1 branch of the dungeon, and saw 2 of its levels.

You collected 4 gold pieces.


Innate Abilities, Weirdness & Mutations

You are immune to sickness and miasma.
Your stone body is resilient. (AC +2)
You are immune to poison.
You resist negative energy. (rN+)
You are resistant to electric shocks. (rElec)
You are resistant to unholy torment.
You are immune to petrification.


   Skills:
 - Level 3.2 Fighting
 + Level 2.5 Axes
 - Level 3.2 Armour
 - Level 3.2 Shields


You had one spell level left.
You didn't know any spells.
Your spell library was empty.

Inventory:

Hand Weapons
 Y - a +0 war axe (weapon)
Armour
 b - a +0 scale mail (worn)
 c - a +0 buckler (worn)
Scrolls
 h - a scroll of identify
Potions
 d - a potion of might
 g - a potion of heal wounds {unknown}

Dungeon Overview and Level Annotations

Branches:
Dungeon (2/15)

Altars:

Annotations:
D:2 Natasha


Message History

You have reached level 2!
You see here a +0 dagger.
You see here a +0 dagger.
A kobold comes into view. It is wielding a +0 short sword.
The kobold shouts!
You hear an angry hiss.
780 ||| Stepping ~*~*~tactically~*~*~ (hiding).
You start waiting.
A kobold is nearby!
Natasha and a bat come into view.
Natasha hisses angrily.
The kobold hits you with a +0 short sword.
You closely miss the bat. You barely miss the kobold. The bat hits you.
The bat closely misses you. You block the bat's attack.
You block the kobold's attack. The bat hits you but does no damage.
You slash the bat!
You kill the bat!
You closely miss the kobold. You block the kobold's attack.
The kobold hits you but does no damage.
Natasha mumbles some strange words.
You closely miss Natasha. You closely miss the kobold. Natasha claws you.
The kobold barely misses you. You block the cerulean imp's attack.
You slash Natasha!
Natasha is severely wounded.
You hit the kobold.
You kill the kobold!
Natasha closely misses you. The cerulean imp closely misses you.
Natasha casts a spell at you. You resist with significant effort.
You hit Natasha but do no damage.
Natasha is severely wounded.
The cerulean imp hits you from afar with a +0 spear.
Natasha mumbles some strange words.
Natasha's front paws start to glow.
Natasha claws you. The cerulean imp misses you.
You hit Natasha.
Natasha is severely wounded.
Natasha claws you!
The cerulean imp hits you from afar with a +0 spear.
You die...

#......#
#......#
#......#
#......# #
###.######..#
##........#
#...<)#####
##..##.#
#)@.##.#
#.h#.##.#
#5##.##.# ...
#.##.# ....
#.##.# ..#..
#.##.. . ##.
#.###. ...
#.#


You could see Natasha and a cerulean imp (summoned).

Vanquished Creatures
  An endoplasm (D:2)
  A giant cockroach (D:1)
  A hobgoblin (D:1)
  2 kobolds (D:2)
  2 ball pythons (D:1)
  A bat (D:2)
8 creatures vanquished.

Notes
Turn   | Place    | Note
-------+----------+-------------------------------------------
     0 | D:1      | qw the Gargoyle Fighter began the quest for the Orb.
     0 | D:1      | Reached XP level 1. HP: 14/14 MP: 1/1
     0 | D:1      | 0 ||| qw: Version: 0.2-a-103-g5a998e5
     0 | D:1      | 0 ||| qw: Game counter: 1093
     0 | D:1      | 0 ||| qw: Always use a shield: true
     0 | D:1      | 0 ||| qw: God list: Okawaru
     0 | D:1      | 0 ||| qw: Allow faded altars: false
     0 | D:1      | 0 ||| qw: Do Orc after D:15 true
     0 | D:1      | 0 ||| qw: Do second Lair branch before Depths: true
     0 | D:1      | 0 ||| qw: Lair rune preference: random
     0 | D:1      | 0 ||| qw: Plans: Normal, Zot:1-4, Slime:5, God:TSO, Crypt,
                  | Tomb, Pan, Hells, Abyss, Win
     0 | D:1      | 0 ||| PLANNING D:1-11
   625 | D:1      | 625 ||| READING scroll labelled ARRIDU DYECW.
   626 | D:1      | 626 ||| READING scroll labelled IGUSKO ES NUILAT.
   627 | D:1      | 627 ||| READING 2 scrolls labelled YNIV SAJIAGIJ.
   628 | D:1      | 628 ||| READING scroll labelled POUMEODUIF.
   766 | D:2      | Reached XP level 2. HP: 19/19 MP: 2/2
   780 | D:2      | 780 ||| Stepping ~*~*~tactically~*~*~ (hiding).
   784 | D:2      | Noticed Natasha
   790 | D:2      | HP: 2/19 [Natasha (7)]
   790 | D:2      | Slain by a cerulean imp

Levels and vault maps discovered:
D:1:      dpeg_arrival_tiny_k, layout_loops_ring, bh_walls_and_bars
D:2:      layout_rooms, uniq_natasha

Skill      XL: |  1 |
---------------+----+-----
Axes           | 2 |  2.5
Fighting       | |  3.2
Armour         | |  3.2
Shields        | |  3.2

Action                     || total
---------------------------++-------
  Melee: War axe           ||    14
    Use: Scroll            ||     4
 Armour: Scale mail        ||     4
  Dodge: Dodged            ||     5
  Block: Buckler           ||     5

Table legend:
 A = Non-vault XP
 B = Vault XP
 C = Vault XP percentage of total XP
 D = Non-vault monster count
 E = Vault monster count
 F = Vault count percentage of total count
                 A         B        C        D         E       F
            +---------+---------+-------+---------+---------+-------
      Total |      12 |       0 |   0.0 |       8 |       0 |   0.0
            +---------+---------+-------+---------+---------+-------
        D:1 |       6 |       0 |   0.0 |       4 |       0 |   0.0
        D:2 |       6 |       0 |   0.0 |       4 |       0 |   0.0
            +---------+---------+-------+---------+---------+-------
